 Dungeon Crawl Stone Soup version 0.23.2-40-g277498a (webtiles) character file.

Game seed: 9915783008174570262

191 ClockworkOrrery the Skirmisher (level 5, -5/36 HPs)
             Began as a Gargoyle Wizard on Oct 13, 2019.
             Killed from afar by Ijyb (18 damage)
             ... with a wand of acid (4)
             ... on level 4 of the Dungeon.
             The game lasted 00:09:12 (4731 turns).

ClockworkOrrery the Skirmisher (Gargoyle Wizard)    Turns: 4731, Time: 00:09:13

Health: -5/36      AC:  7    Str: 11    XL:     5   Next: 70%
Magic:  3/9        EV: 12    Int: 19    God:
Gold:   144        SH:  0    Dex:  8    Spells: 9/10 levels left

rFire    . . .     SeeInvis .   f - +0 whip
rCold    . . .     Gourm    .   (no shield)
rNeg     + . .     Faith    .   s - +1 robe
rPois    ∞         Spirit   .   b - +0 hat
rElec    +         Reflect  .   (no cloak)
rCorr    .         Harm     .   (no gloves)
MR       +....                  (no boots)
Stlth    ++........             (no amulet)
HPRegen  0.12/turn              g - ring of protection from magic
MPRegen  0.11/turn              (no ring)

@: no status effects
A: negative energy resistance 1, electricity resistance, unbreathing,
petrification resistance, rot immunity, AC +4
a: no special abilities


You were on level 4 of the Dungeon.
You were not hungry.

You visited 1 branch of the dungeon, and saw 4 of its levels.

You collected 144 gold pieces.

Inventory:

Hand Weapons
 f - a +0 whip (weapon)
Armour
 b - a +0 hat (worn)
 s - a +1 robe (worn)
Jewellery
 g - a ring of protection from magic (left hand)
Scrolls
 a - 3 scrolls of magic mapping {unknown}
 c - 10 scrolls of identify
 l - 4 scrolls of remove curse {unknown}
 q - a scroll of fog {unknown}
 u - a scroll of teleportation {unknown}
Potions
 e - a potion of magic {unknown}
 h - 3 potions of curing {unknown}
 i - 2 potions of degeneration {unknown}
 j - 3 potions of ambrosia {unknown}
 k - 2 potions of flight {unknown}
 m - a potion of might {unknown}
 n - 2 potions of invisibility {unknown}
 o - 2 potions of haste {unknown}
 p - a potion of cancellation {unknown}
 r - a potion of heal wounds {unknown}
 t - 3 potions of mutation {unknown}
 v - a potion of agility {unknown}
Comestibles
 d - 6 rations


   Skills:
 * Level 5.7 Fighting
 - Level 1.5 Dodging
 - Level 2.1 Stealth
 + Level 3.0 Spellcasting
 - Level 1.1 Conjurations
   Level 0.8 Summonings
   Level 0.8 Translocations


You had 9 spell levels left.
You knew the following spells:

 Your Spells              Type           Power        Failure   Level  Hunger
a - Magic Dart            Conj           #...         10%         1    None

Your spell library contained the following spells:

 Spells                   Type           Power        Failure   Level  Hunger
 Blink                    Tloc           N/A          16%         2    ##.....
 Call Imp                 Summ           #.......     16%         2    ##.....
 Slow                     Hex            #.......     22%         2    ##.....
 Conjure Flame            Conj/Fire      #.......     36%         3    ###....
 Mephitic Cloud           Conj/Pois/Air  #.......     36%         3    ###....


Dungeon Overview and Level Annotations

Branches:
Dungeon (4/15)
 Temple: D:4-7

Altars:
Xom

Annotations:
D:4 Ijyb


Innate Abilities, Weirdness & Mutations

You are resistant to torment.
Your stone body is resilient. (AC +4)
You are immune to poison.
You resist negative energy. (rN+)
You are resistant to electric shocks. (rElec)
You can survive without breathing.
You are immune to petrification.
You are immune to rotting.


Message History

Ijyb is almost dead.
Ijyb misses you.
Casting: Magic Dart (safe; 10% risk of failure)
Confirm with . or Enter, or press ? or * to list all spells.
Aiming: Magic Dart (safe; 10% risk of failure)
Press: ? - help, Shift-Dir - straight line, f/p - Ijyb
Aim: Ijyb, wielding a +0 dagger, wearing a +0 scale mail and carrying a wand of acid (4) (almost dead)
The magic dart hits Ijyb but does no damage.
Ijyb is almost dead.
Ijyb completely misses you.
Casting: Magic Dart (safe; 10% risk of failure)
Confirm with . or Enter, or press ? or * to list all spells.
Aiming: Magic Dart (safe; 10% risk of failure)
Press: ? - help, Shift-Dir - straight line, f/p - Ijyb
Aim: Ijyb, wielding a +0 dagger, wearing a +0 scale mail and carrying a wand of acid (4) (almost dead)
The magic dart hits Ijyb but does no damage.
Ijyb is almost dead.
Ijyb zaps a wand.
The bolt of acid hits you!!
Ouch! That really hurt!
You die...

############ ####
........<..# .....
########.#.####..$...
.........#...@g......
########.############
###


You could see Ijyb.

Vanquished Creatures
  Jessica (D:2)
  Natasha (thrice) (D:2)
  A hound zombie (D:3)
  3 adders
  A worm (D:2)
  A dart slug (D:1)
  5 bats
  2 giant cockroaches
  9 goblins
  6 hobgoblins
  3 jackals (D:2)
  3 kobolds
  3 frilled lizards
  6 rats
47 creatures vanquished.

Notes
Turn   | Place    | Note
-------+----------+-------------------------------------------
     0 | D:1      | ClockworkOrrery the Gargoyle Wizard began the quest for the
                  | Orb.
     0 | D:1      | Reached XP level 1. HP: 10/10 MP: 4/4
   351 | D:1      | Reached skill level 1 in Fighting
   372 | D:1      | Reached XP level 2. HP: 14/17 MP: 1/6
   393 | D:1      | Reached skill level 2 in Fighting
  1706 | D:2      | Noticed Jessica
  1717 | D:2      | Killed Jessica
  1717 | D:2      | Reached skill level 3 in Fighting
  1717 | D:2      | Reached XP level 3. HP: 16/23 MP: 1/7
  1979 | D:2      | Reached XP level 4. HP: 24/29 MP: 2/8
  2070 | D:2      | Reached skill level 4 in Fighting
  2181 | D:2      | Found a shimmering altar of Xom.
  2183 | D:2      | Found a hide-covered altar of Uskayaw.
  2183 | D:2      | Found a hazy altar of Hepliaklqana.
  2185 | D:2      | Found a radiant altar of Vehumet.
  2185 | D:2      | Found a glowing golden altar of the Shining One.
  2185 | D:2      | Found an opulent altar of Gozag.
  2331 | D:2      | Noticed Natasha
  2354 | D:2      | Killed Natasha
  3124 | D:2      | Noticed Natasha
  3131 | D:2      | Killed Natasha
  3131 | D:2      | Reached XP level 5. HP: 31/34 MP: 7/9
  3258 | D:2      | Noticed Natasha
  3305 | D:2      | Killed Natasha
  3305 | D:2      | Reached skill level 5 in Fighting
  4705 | D:4      | Noticed Ijyb
  4731 | D:4      | Killed from afar by Ijyb

Skill      XL: |  1  2  3  4  5 |
---------------+----------------+-----
Fighting       | 1 3 4 5 |  5.7
Dodging        | |  1.5
Stealth        | |  2.1
Spellcasting   | |  3.0
Conjurations   | |  1.1
Summonings     | |  0.8
Translocations | |  0.8

Action                   |  1- 3 |  4- 6 || total
-------------------------+-------+-------++-------
Melee: Whip              |    50 |   110 ||   160
       Unarmed           |     3 |       ||     3
 Cast: Magic Dart        |    41 |    72 ||   113
  Use: Scroll            |     1 |       ||     1
  Eat: Chunk             |     3 |     5 ||     8
       Ration            |       |     1 ||     1
Armor: Robe              |    18 |    47 ||    65
Dodge: Dodged            |    36 |    88 ||   124
